 Dungeon Crawl Stone Soup version 0.15.1-3-g1b33baa (webtiles) character file.

959 Kex the Ducker (level 7, 0/66 HPs)
             Began as a Troll Earth Elementalist on Oct 5, 2014.
             Killed from afar by Chiseanne's ghost (7 damage)
             ... with a sting
             ... on Level 5 of the Dungeon.
             The game lasted 00:21:05 (4102 turns).

Kex the Ducker (Troll Earth Elementalist)           Turns: 4102, Time: 00:21:05

HP   0/66        AC  5     Str 22      XL: 7   Next: 91%
MP   6/6         EV 11     Int 10 (11) God:
Gold 248         SH  0     Dex 12      Spells:  1 memorised,  8 levels left

rFire  . . .     SeeInvis .       - Unarmed
rCold  . . .     Clarity  .     c - +0 robe
rNeg   . . .     rCorr    .     (shield restricted)
rPois  .         rRot     .     (helmet restricted)
rElec  .         Spirit   .     (no cloak)
SustAb .         Warding  .     (gloves unavailable)
rMut   .         Stasis   .     (boots unavailable)
Gourm  +                        u - amulet of rage
MR     .....                    (no ring)
                                (no ring)

@: confused, mighty, lethally poisoned, not resistant to hostile enchantments,
very unstealthy
A: unfitting armour, claws 3, fast metabolism 3, gourmand, regeneration 2,
saprovore 2, shaggy fur 1, tough skin 2
a: Evoke Berserk Rage


You were on level 5 of the Dungeon.
You were full.

You visited 1 branch of the dungeon, and saw 5 of its levels.

You collected 248 gold pieces.

Inventory:

Hand weapons
 r - a +5 short sword
Missiles
 b - 141 stones (quivered)
 t - 4 large rocks
Armour
 c - a +0 robe (worn)
Magical devices
 m - a wand of random effects (19) {unknown}
Comestibles
 a - 2 meat rations
 k - 2 bread rations
 o - 5 rotting chunks of ogre flesh
 q - 2 rotting chunks of worker ant flesh
Scrolls
 e - a scroll of fog {unknown}
 f - a scroll of random uselessness {unknown}
 g - a scroll of identify
 h - a scroll of fear {unknown}
 j - a scroll of remove curse {unknown}
 l - a scroll of immolation {unknown}
 v - a scroll of recharging {unknown}
Jewellery
 u - an amulet of rage (around neck)
 w - a cursed ring of loudness {unknown}
Potions
 i - a potion of resistance
Books
 d - a book of Geomancy

   Spells                             Type                      Level
   *Sandblast                         Earth                        1
   Stoneskin                          Transmutation/Earth          2
   Passwall                           Transmutation/Earth          3
   Stone Arrow                        Conjuration/Earth            3
   Petrify                            Transmutation/Earth          4
   Lee's Rapid Deconstruction         Earth                        5


   Skills:
 + Level 2.3 Fighting
 + Level 0.8 Throwing
 + Level 4.8 Dodging
 - Level 1.1 Stealth
 + Level 3.9 Unarmed Combat
 + Level 1.8 Spellcasting
   Level 0.6 Transmutations
 * Level 4.6 Earth Magic


You had 8 spell levels left.
You knew the following spells:

 Your Spells              Type           Power        Failure   Level  Hunger
a - Sandblast             Erth           ##....       6%          1    ##.....


Dungeon Overview and Level Annotations

Branches:
Dungeon (5/15)
 Temple: D:4-7

Altars:
Makhleb
Okawaru
Vehumet

Annotations:
D:5 Chiseanne's ghost, average GrVM


Innate Abilities, Weirdness & Mutations

You are too large for most types of armour.
You have claws for hands.
Your metabolism is lightning-fast.
You like to eat raw meat.
You heal very quickly.
You can eat rotten meat.
You are covered in fur (AC +1).
You have very tough skin (AC +2).


Message History

You are more poisoned.
Chiseanne's ghost's toxic aura wanes.
Chiseanne's ghost gestures at you while chanting.
The ball explodes into a vile cloud!
The stinking cloud engulfs you!
The stinking cloud engulfs the kobold.
Read which item? (? for menu, Esc to quit)
As you read the scroll labeled TYMIVV SHUMA, it crumbles to dust.
It is a scroll of enchant weapon.
Enchant which weapon? (? for menu, Esc to quit)
Your runed short sword glows red for a moment.
You are engulfed in noxious fumes.
You choke on the stench!
You are confused.
* * * LOW HITPOINT WARNING * * *
You feel very sick.
The kobold is engulfed in noxious fumes.
The kobold appears confused.
Chiseanne's ghost gestures at you while chanting.
The sting hits you!
You are more poisoned.
You die...

.# #...# ##.###..####.## .#
#...####..#..######.# .##
##....##.....## ##..## ..#
#...........#####...# ..##
##..........###....#.#
...#####................#####
......%........K.......## ###
..#####........§§§§.§.######.#
..## ##.......§@§W§...(.....#
...# ##..##..§§§§§§........##
...## #..###.........######.#
....# ##.## ##......### ###
....# #..# ##.....# ......
#....# #.......#
.......................
#......................
#..........#####.....


You could see Chiseanne's ghost and a kobold (confused).

Vanquished Creatures
  The ghost of Johnny the Chiller, an average DgIE (D:4)
  An ogre (D:4)
  A sky beast (D:5)
  A phantom (D:4)
  2 scorpions
  An orc priest (D:4)
  3 orc wizards
  A hound (D:4)
  3 worker ants
  6 gnolls
  5 adders
  A shadow imp (D:5)
  A giant mite (D:2)
  6 worms
  An orc skeleton (D:5)
  6 giant geckos
  2 oozes
  19 orcs
  2 giant cockroaches
  8 hobgoblins
  11 jackals
  A ball python (D:1)
  12 bats
  6 giant newts
  7 goblins
  10 kobolds
  A kobold skeleton (D:4)
  A quokka skeleton (D:5)
  10 rats
130 creatures vanquished.

Notes
Turn   | Place    | Note
--------------------------------------------------------------
     0 | D:1      | Kex, the Troll Earth Elementalist, began the quest for the Orb.
     0 | D:1      | Reached XP level 1. HP: 16/16 MP: 2/2
   208 | D:1      | Reached skill level 3 in Earth Magic
   283 | D:1      | Reached XP level 2. HP: 22/24 MP: 2/2
   712 | D:1      | Reached XP level 3. HP: 31/31 MP: 3/3
  1405 | D:2      | Reached skill level 1 in Unarmed Combat
  1484 | D:2      | Reached XP level 4. HP: 15/40 MP: 4/4
  1915 | D:3      | Reached skill level 1 in Fighting
  2023 | D:3      | Reached XP level 5. HP: 42/48 MP: 4/4
  2506 | D:4      | HP: 2/48 [orc wizard/dagger (3)]
  2594 | D:4      | Noticed Johnny's ghost (average DgIE)
  2763 | D:3      | Reached XP level 6. HP: 38/55 MP: 5/5
  3172 | D:4      | Killed Johnny's ghost
  3172 | D:4      | Reached skill level 4 in Dodging
  3172 | D:4      | Reached XP level 7. HP: 58/63 MP: 6/6
  3288 | D:4      | Found a radiant altar of Vehumet.
  3288 | D:4      | Found a burning altar of Makhleb.
  3288 | D:4      | Found an iron altar of Okawaru.
  3424 | D:4      | Got a steaming helmet
  3752 | D:4      | Noticed an ogre
  3764 | D:4      | Killed an ogre
  3929 | D:5      | Entered Level 5 of the Dungeon
  4085 | D:5      | Noticed Chiseanne's ghost (average GrVM)
  4102 | D:5      | Killed from afar by Chiseanne's ghost

Action                   |  1- 3 |  4- 6 |  7- 9 || total
-------------------------+-------+-------+-------++-------
Melee: Unarmed           |   183 |   222 |   111 ||   516
Throw: Stone             |    14 |     6 |       ||    20
 Cast: Sandblast         |       |    10 |       ||    10
 Abil: Evoke Berserk Rag |       |     1 |       ||     1
  Use: Potion            |       |     5 |     1 ||     6
       Scroll            |       |     2 |     1 ||     3
 Stab: Sleeping          |       |     1 |       ||     1
  Eat: Chunk             |    16 |    19 |     7 ||    42
